[Event "fics rated crazyhouse match"]
[Site "fics, Oklahoma City, OK USA"]
[Date "2000.12.27"]
[White "BarryWhite"]
[WhiteElo "2372"]
[Black "VampireGod"]
[BlackElo "2337"]
[TimeControl "120+0"]
[Result "0-1"]

1. e4 e6 2. d4 Nc6 3. Nc3 Bb4 4. Nf3 Nf6 5. Bd3 d5 6. exd5 
Nxd5 7. Bd2 P@a3 8. Nxd5 Bxd2+ 9. Qxd2 axb2 10. Rd1 exd5 11. Qe3+ P@e4 
12. Bxe4 dxe4 13. Qxe4+ B@e6 14. N@h5 B@f8 15. B@d2 Nxd4 16. Nxd4 P@g6 17. Nf4 
N@f6 18. Nfxe6 Bxe6 19. B@a4+ c6 20. Bxc6+ bxc6 21. Qxc6+ B@d7 22. N@c7+ Qxc7 
23. Qxc7 N@d5 24. Qb7 Rc8 25. P@c6 Bc5 26. cxd7+ Bxd7 27. O-O Bxd4 28. Rfe1+ 
P@e4 29. B@a3 N@d8 30. P@e7 Nxe7 31. Rxe4 Bxf2+ 32. Kh1 Nxe4 33. Qxe4 Bc5 
34. Bxc5 Rxc5 35. B@d6 N@f2+ 36. Kg1 Nxe4 37. Bxe7 P@f2+ 38. Kh1 R@g1# 
{BarryWhite resigns} 0-1

[Event "fics rated crazyhouse match"]
[Site "fics, Oklahoma City, OK USA"]
[Date "2000.12.27"]
[White "VampireGod"]
[WhiteElo "2346"]
[Black "BarryWhite"]
[BlackElo "2363"]
[TimeControl "120+0"]
[Result "0-1"]

1. d4 e6 2. Nf3 d5 3. Bf4 Nc6 4. e3 Nf6 5. Nbd2 Bd7 6. Bd3 
Bd6 7. O-O Bxf4 8. exf4 B@e4 9. Bxe4 Nxe4 10. Re1 Nxd2 11. Nxd2 Nxd4 
12. B@e5 P@e2 13. Rxe2 Nxe2+ 14. Qxe2 R@g6 15. P@g5 N@c6 16. N@h5 Nxe5 17. Qxe5 
f6 18. gxf6 gxf6 19. N@g7+ Kf7 20. Qe1 P@h3 21. P@g5 hxg2 22. N@h6+ Rxh6 
23. gxh6 B@g4 24. Nxe6 N@h3+ 25. Kxg2 P@f3+ 26. Kg3 Bdxe6 27. R@g7+ Kf8 28. Rxg4 
Bxg4 29. P@g7+ Kf7 30. gxh8=N+ Kg8 31. R@g7+ Kf8 32. Kxg4 B@d7+ 33. P@f5 R@g2+ 
34. B@g3 Bxf5+ 35. Kxf5 N@d6+ 36. Kg4 f5+ 37. Kxh3 P@g4+ 38. Rxg4 fxg4+ 39. Kxg4 
R@g6+ 40. P@g5 Rxg5+ 41. fxg5 Qxg5# 
{VampireGod forfeits on time} 0-1

[Event "fics rated crazyhouse match"]
[Site "fics, Oklahoma City, OK USA"]
[Date "2000.12.27"]
[White "BarryWhite"]
[WhiteElo "2371"]
[Black "VampireGod"]
[BlackElo "2338"]
[TimeControl "120+0"]
[Result "0-1"]

1. e4 Nf6 2. Nc3 d5 3. exd5 Nxd5 4. d4 e6 5. Nf3 Bb4 6. Bd2 
Nc6 7. Bd3 P@a3 8. Nxd5 Bxd2+ 9. Qxd2 axb2 10. Rd1 exd5 11. N@h5 B@h6 
12. P@g5 P@c3 13. Qe3+ N@e4 14. gxh6 gxh6 15. Bxe4 P@d2+ 16. Kf1 dxe4 17. N@f6+ 
Ke7 18. Qxe4+ Be6 19. P@g7 Re8 20. Nxe8 Qxe8 21. B@f6+ Kd7 22. R@f8 Qxf8 
23. gxf8=Q Rxf8 24. Q@e7+ Nxe7 25. Bxe7 Kxe7 26. B@f6+ Kd7 27. d5 B@a6+ 28. N@e2 
N@c5 29. dxe6+ fxe6 30. Ne5+ Kc8 31. Qe3 R@e1# 
{BarryWhite resigns} 0-1

[Event "fics rated crazyhouse match"]
[Site "fics, Oklahoma City, OK USA"]
[Date "2000.12.27"]
[White "BarryWhite"]
[WhiteElo "2354"]
[Black "VampireGod"]
[BlackElo "2355"]
[TimeControl "120+0"]
[Result "1-0"]

1. e4 b6 2. Nc3 Bb7 3. d4 e6 4. Bd3 Bb4 5. Be3 Nf6 6. Ne2 
O-O 7. O-O d5 8. e5 Ne4 9. f3 Bxc3 10. bxc3 Ng5 11. Qd2 N@h3+ 
12. gxh3 Nxh3+ 13. Kh1 P@e4 14. B@g2 exd3 15. cxd3 B@g5 16. Bxh3 Bxe3 17. Qxe3 
B@h6 18. f4 Nd7 19. P@g5 c5 20. gxh6 gxh6 21. Rg1+ P@g7 22. N@h5 cxd4 
23. Rxg7+ Kh8 24. Nxd4 P@g6 25. B@f6 Nxf6 26. Rxh7+ Kxh7 27. Nxf6+ Qxf6 28. exf6 
N@h5 29. P@g5 B@c5 30. gxh6 g5 31. P@g7 Bxd4 32. gxf8=Q Rxf8 33. P@g7 Bxe3 
34. R@h8+ Kg6 35. B@h7+ Kxf6 36. P@e5+ Ke7 37. gxf8=Q+ Kd7 38. Q@b5+ R@c6 39. Qd8# 
{VampireGod checkmated} 1-0

[Event "fics rated crazyhouse match"]
[Site "fics, Oklahoma City, OK USA"]
[Date "2000.12.27"]
[White "tantheman"]
[WhiteElo "2358"]
[Black "BarryWhite"]
[BlackElo "2362"]
[TimeControl "120+0"]
[Result "1-0"]

1. e4 e6 2. Nc3 d5 3. exd5 exd5 4. Bb5+ Nc6 5. Qe2+ P@e6 6. Nf3 
Nf6 7. Ne5 Bd7 8. Bxc6 bxc6 9. d4 B@g6 10. Bg5 Be7 11. P@h6 Rg8 
12. hxg7 Ne4 13. Nxe4 dxe4 14. Bxe7 Qxe7 15. Nxd7 Qxd7 16. N@f6+ Kd8 17. Nxd7 
B@b4+ 18. P@c3 Be7 19. B@f6 N@d5 20. Bxe7+ Nxe7 21. Nf6 
{BarryWhite resigns} 1-0

[Event "fics rated crazyhouse match"]
[Site "fics, Oklahoma City, OK USA"]
[Date "2000.12.27"]
[White "BarryWhite"]
[WhiteElo "2354"]
[Black "tantheman"]
[BlackElo "2366"]
[TimeControl "120+0"]
[Result "0-1"]

1. e4 e6 2. Nc3 b6 3. d4 Bb7 4. Bd3 Nf6 5. Qe2 Bb4 6. Nf3 
d5 7. exd5 Nxd5 8. Bd2 Bxc3 9. bxc3 N@f4 10. Bxf4 Nxf4 11. B@g5 Nxg2+ 
12. Kd1 Bxf3 13. Qxf3 Qxg5 14. B@d2 B@f4 15. P@e3 B@g4 16. N@g1 P@b2 17. Rb1 
Bxe3 18. fxe3 Nxe3+ 19. Bxe3 Qxe3 20. B@d2 N@f2# 
{BarryWhite checkmated} 0-1

[Event "fics rated crazyhouse match"]
[Site "fics, Oklahoma City, OK USA"]
[Date "2000.12.27"]
[White "tantheman"]
[WhiteElo "2374"]
[Black "BarryWhite"]
[BlackElo "2346"]
[TimeControl "120+0"]
[Result "1-0"]

1. e4 e6 2. Nc3 d5 3. exd5 exd5 4. Bb5+ Nc6 5. Qe2+ Be7 6. Nf3 
Bd7 7. Bxc6 bxc6 8. d4 B@h5 9. P@h6 gxh6 10. N@g7+ Kf8 11. Nxh5 P@g7 
12. Ne5 Be8 13. Qg4 Nf6 14. Qxg7# 
{BarryWhite checkmated} 1-0

[Event "fics rated crazyhouse match"]
[Site "fics, Oklahoma City, OK USA"]
[Date "2000.12.27"]
[White "BarryWhite"]
[WhiteElo "2339"]
[Black "tantheman"]
[BlackElo "2381"]
[TimeControl "120+0"]
[Result "1-0"]

1. e4 e6 2. Nc3 Nc6 3. d4 Nf6 4. Nf3 Bb4 5. Bd3 d5 6. exd5 
Nxd5 7. Bd2 P@a3 8. Nxd5 Bxd2+ 9. Qxd2 axb2 10. Rd1 exd5 11. Qe3+ P@e4 
12. N@h5 Rg8 13. Bxe4 dxe4 14. Qxe4+ B@e7 15. P@f6 B@f5 16. fxe7 Bxe4 17. exd8=Q+ 
Kxd8 18. B@g5+ P@e7 19. Ne5 Bxg2 20. Nxc6+ Bxc6 21. Bxe7+ Ke8 22. N@f6+ Kxe7 
23. Nxg8+ Ke6 24. Q@e5# 
{tantheman resigns} 1-0

[Event "fics rated crazyhouse match"]
[Site "fics, Oklahoma City, OK USA"]
[Date "2000.12.27"]
[White "tantheman"]
[WhiteElo "2372"]
[Black "BarryWhite"]
[BlackElo "2348"]
[TimeControl "120+0"]
[Result "1-0"]

1. e4 e6 2. Nc3 d5 3. Nf3 Nc6 4. exd5 exd5 5. Bb5 Bb4 6. Qe2+ 
P@e6 7. Ne5 Bd7 8. Bxc6 bxc6 9. d4 B@f6 10. Nxf7 Kxf7 11. P@e5 N@e4 
12. O-O Bxc3 13. exf6 gxf6 14. bxc3 Nxc3 15. Qf3 Ne4 16. N@g5+ Kf8 17. Nxe4 
dxe4 18. B@h6+ P@g7 19. Bxg7+ Kxg7 20. P@h6+ Nxh6 21. Bxh6+ Kxh6 22. N@g4+ Kg7 
23. B@h6+ Kf7 24. N@e5+ Ke7 25. Qxf6+ Kd6 26. Nf7+ Kd5 27. Qe5+ Kc4 28. Qc5# 
{BarryWhite checkmated} 1-0

[Event "fics rated crazyhouse match"]
[Site "fics, Oklahoma City, OK USA"]
[Date "2000.12.27"]
[White "BarryWhite"]
[WhiteElo "2341"]
[Black "tantheman"]
[BlackElo "2379"]
[TimeControl "120+0"]
[Result "0-1"]

1. e4 e6 2. Nc3 b6 3. d4 Bb7 4. Bd3 Nf6 5. Qe2 Bb4 6. Nf3 
d5 7. exd5 Nxd5 8. O-O Bxc3 9. bxc3 Nxc3 10. Qe5 Bxf3 11. gxf3 N@h4 
12. P@g2 P@h3 13. B@h1 Qf6 14. B@b5+ P@d7 15. Qxf6 gxf6 16. Q@d2 Rg8 17. g3 
Q@g2+ 18. Bxg2 hxg2 19. Q@h3 Nxf3+ 20. Kxg2 N@h4+ 21. Kh1 B@g4 22. Qg2 P@h3 
23. Rg1 Nxg1 24. Qxg1 Bf3+ 25. P@g2 hxg2# 
{BarryWhite resigns} 0-1

[Event "fics rated crazyhouse match"]
[Site "fics, Oklahoma City, OK USA"]
[Date "2000.12.27"]
[White "tantheman"]
[WhiteElo "2386"]
[Black "BarryWhite"]
[BlackElo "2334"]
[TimeControl "120+0"]
[Result "0-1"]

1. e3 e6 2. b3 d5 3. Bb2 Nc6 4. Nf3 Nf6 5. d4 Be7 6. Be2 
O-O 7. O-O Ne4 8. Ne5 f5 9. c4 Nxe5 10. dxe5 Bd7 11. cxd5 exd5 
12. Qxd5+ P@e6 13. Qd1 Bc6 14. P@f3 Ng5 15. Qxd8 Raxd8 16. h4 Bxf3 17. Bxf3 
Nxf3+ 18. gxf3 N@e2+ 19. Kh1 Q@h3# 
{tantheman resigns} 0-1

[Event "fics rated crazyhouse match"]
[Site "fics, Oklahoma City, OK USA"]
[Date "2000.12.27"]
[White "BarryWhite"]
[WhiteElo "2343"]
[Black "tantheman"]
[BlackElo "2377"]
[TimeControl "120+0"]
[Result "1-0"]

1. e4 e6 2. Nc3 b6 3. d4 Bb7 4. Bd3 Nf6 5. Qe2 Bb4 6. Nf3 
d5 7. e5 Ne4 8. Bd2 Bxc3 9. bxc3 Nxd2 10. Qxd2 N@e4 11. Bxe4 dxe4 
12. Ng5 e3 13. Qxe3 Bxg2 14. Rg1 Qxg5 15. Qxg5 N@f3+ 16. Kd1 Nxg5 17. B@b5+ 
P@c6 18. N@f6+ gxf6 19. N@g7+ Kd8 20. exf6 N@b2+ 21. Kc1 B@a3 22. Kb1 Nc4 
23. P@e7+ Kc8 24. P@b2 Bxb2 25. Bxc4 Bxa1 26. Kxa1 B@d6 27. B@a6+ Nxa6 28. Bxa6+ 
Kd7 29. N@d3 P@b2+ 30. Kxb2 R@f1 31. Rxf1 e5 32. Q@g4# 
{tantheman forfeits on time} 1-0

[Event "fics rated crazyhouse match"]
[Site "fics, Oklahoma City, OK USA"]
[Date "2000.12.27"]
[White "tantheman"]
[WhiteElo "2368"]
[Black "BarryWhite"]
[BlackElo "2352"]
[TimeControl "120+0"]
[Result "0-1"]

1. e3 e6 2. b3 Nc6 3. Bb2 d5 4. Nf3 Nf6 5. d4 Bb4+ 6. c3 
Bd6 7. Be2 Ne4 8. O-O O-O 9. c4 f5 10. Ne5 Qe7 11. cxd5 exd5 
12. Nxc6 bxc6 13. N@e5 Bd7 14. Nxd7 Qxd7 15. B@e5 N@h4 16. Bf3 Nxf3+ 17. Qxf3 
P@g4 18. Qd1 B@h3 19. gxh3 N@f3+ 20. Kh1 Bxe5 21. dxe5 gxh3 22. Rg1 Nxf2# 
{tantheman checkmated} 0-1

[Event "fics rated crazyhouse match"]
[Site "fics, Oklahoma City, OK USA"]
[Date "2000.12.27"]
[White "BarryWhite"]
[WhiteElo "2360"]
[Black "tantheman"]
[BlackElo "2360"]
[TimeControl "120+0"]
[Result "0-1"]

1. e4 e6 2. Nc3 b6 3. d4 Bb7 4. Bd3 Bb4 5. a3 Bxc3+ 6. bxc3 
Nf6 7. Qe2 d5 8. Bb5+ Nbd7 9. Bxd7+ Qxd7 10. N@e5 Qe7 11. B@c6+ Bxc6 
12. Nxc6 Qd7 13. B@b5 O-O 14. Ne5 Qd6 15. Nxf7 Rxf7 16. e5 Qe7 17. exf6 
Qxf6 18. N@g4 Qe7 19. P@h6 B@f6 20. hxg7 Bxg7 21. P@h6 Bf6 22. Nxf6+ Rxf6 
23. B@g7 Rg6 24. Nf3 B@g4 25. Bg5 Qf7 26. Ne5 Bxe2 27. Nxf7 Bxb5 28. Q@e3 
Kxf7 29. h4 P@b2 30. Rd1 P@e2 31. Qxe2 Bxe2 32. Kxe2 Rxg5 33. B@e3 B@a6+ 
34. P@d3 B@g4+ 35. f3 N@g3+ 36. Kf2 Q@e2+ 37. Kxg3 Bxf3+ 38. hxg5 Qxg2+ 39. Kf4 
Q@f5# 
{BarryWhite checkmated} 0-1

[Event "fics rated crazyhouse match"]
[Site "fics, Oklahoma City, OK USA"]
[Date "2000.12.27"]
[White "tantheman"]
[WhiteElo "2368"]
[Black "BarryWhite"]
[BlackElo "2352"]
[TimeControl "120+0"]
[Result "0-1"]

1. e3 e6 2. b3 d5 3. Bb2 Nf6 4. Nf3 Nc6 5. d4 Bd6 6. Be2 
O-O 7. O-O Ne4 8. c4 f5 9. c5 Be7 10. Nc3 Nxc3 11. Bxc3 N@e4 
12. Rc1 Bd7 13. N@e5 Be8 14. Nxc6 bxc6 15. Ne5 Nxc3 16. Rxc3 N@e4 17. Rc1 
B@f6 18. Nf3 Bh5 19. N@e5 Qe8 20. N@d7 Rd8 21. Nxf6+ Bxf6 22. B@d7 Rxd7 
23. Nxd7 Qxd7 24. Ne5 Bxe5 25. Bxh5 Bf6 26. B@e5 N@g5 27. Bxf6 gxf6 28. f3 
N@h3+ 29. gxh3 Nxh3+ 30. Kg2 Qg7+ 31. N@g3 N@h4+ 32. Kxh3 B@g2+ 33. Kxh4 Qg5# 
{tantheman checkmated} 0-1

[Event "fics rated crazyhouse match"]
[Site "fics, Oklahoma City, OK USA"]
[Date "2000.12.27"]
[White "BarryWhite"]
[WhiteElo "2360"]
[Black "tantheman"]
[BlackElo "2360"]
[TimeControl "120+0"]
[Result "0-1"]

1. e4 e6 2. Nc3 b6 3. Nf3 Bb7 4. d4 Nf6 5. Bd3 Bb4 6. Qe2 
d5 7. e5 Ne4 8. Bd2 Bxc3 9. bxc3 Nxd2 10. Qxd2 N@e4 11. Bxe4 dxe4 
12. Ng5 e3 13. Qxe3 Bxg2 14. B@e4 Bxh1 15. Bxh1 R@g1+ 16. B@f1 Rxh1 17. P@f6 
P@g2 18. Kd2 gxf1=Q 19. Rxf1 Rxf1 20. N@b2 B@c1+ 21. Kd3 Bxe3 22. fxe3 B@e2+ 
23. Kxe2 B@c4+ 24. Nxc4 Q@d1# 
{BarryWhite checkmated} 0-1

[Event "fics rated crazyhouse match"]
[Site "fics, Oklahoma City, OK USA"]
[Date "2000.12.27"]
[White "tantheman"]
[WhiteElo "2368"]
[Black "BarryWhite"]
[BlackElo "2352"]
[TimeControl "120+0"]
[Result "0-1"]

1. e4 e6 2. Nc3 d5 3. exd5 exd5 4. Bb5+ c6 5. Qe2+ Be6 6. d4 
Be7 7. Bf4 P@c7 8. P@h6 Nxh6 9. Bxh6 gxh6 10. N@g7+ Kd7 11. Nxe6 fxe6 
12. Nxd5 cxb5 13. Nxe7 Qxe7 14. B@e5 P@g7 15. Nf3 B@c6 16. Bxg7 Qxg7 17. Ne5+ 
Kc8 18. Nxc6 Nxc6 19. B@e5 Qxg2 20. B@f3 Qxh1+ 21. Bxh1 R@g1+ 22. Q@f1 B@a5+ 
23. P@c3 Rxf1+ 24. Kxf1 Rg8 25. P@d7+ Kxd7 26. Bxc6+ bxc6 27. N@f6+ Kc8 28. Bg3 
P@g2+ 29. Kxg2 N@f4+ 30. Kf1 B@h3+ 31. Ke1 Nxe2 32. P@d7+ Kb7 33. Kxe2 P@f3+ 
34. Kxf3 B@g4+ 35. Ke3 Q@e2+ 36. Kf4 Q@g5# 
{tantheman checkmated} 0-1

[Event "fics rated crazyhouse match"]
[Site "fics, Oklahoma City, OK USA"]
[Date "2000.12.27"]
[White "BarryWhite"]
[WhiteElo "2360"]
[Black "tantheman"]
[BlackElo "2360"]
[TimeControl "120+0"]
[Result "1-0"]

1. e4 e6 2. Nc3 b6 3. d4 Bb7 4. Bd3 Nf6 5. Qe2 Bb4 6. Bg5 
h6 7. Bxf6 Qxf6 8. Nf3 B@g4 9. N@e5 Bxf3 10. Nxf3 N@f4 11. B@e5 Nxe2 
12. Bxf6 gxf6 13. Kxe2 Nc6 14. N@b5 O-O-O 15. Nxa7+ Nxa7 16. P@a6 Bxa6 17. Bxa6+ 
P@b7 18. Q@a8+ B@b8 19. Qxb7# 
{tantheman checkmated} 1-0

[Event "fics rated crazyhouse match"]
[Site "fics, Oklahoma City, OK USA"]
[Date "2000.12.27"]
[White "tantheman"]
[WhiteElo "2352"]
[Black "BarryWhite"]
[BlackElo "2368"]
[TimeControl "120+0"]
[Result "1-0"]

1. e4 e6 2. Nc3 d5 3. exd5 exd5 4. Bb5+ Nc6 5. Qe2+ Be7 6. Nf3 
P@e6 7. Ne5 Bd7 8. Bxc6 bxc6 9. d4 B@g6 10. P@h6 Nxh6 11. Bxh6 gxh6 
12. N@h5 Rg8 13. Nxg6 fxg6 14. N@e5 P@f7 15. Nxd7 Qxd7 16. B@f6 B@d6 17. Bxe7 
Bxe7 18. B@f6 B@g5 19. Bxg5 Bxg5 20. B@f6 B@e7 21. Bxe7 Bxe7 22. B@f6 B@g5 
23. Bxe7 Bxe7 24. Nf4 B@g5 25. B@e5 N@e4 26. Nxe4 dxe4 27. Bxc7 Qxc7 28. B@e5 
B@d6 29. Bxd6 Bxd6 30. P@e5 Bb4+ 31. Kf1 N@d2+ 32. Qxd2 Bxd2 33. N@d6+ Kf8 
34. B@c5 B@e7 35. Nf5 gxf5 36. Bxe7+ Bxe7 37. B@f6 B@f3 38. Bxe7+ Qxe7 39. B@d6 
Bxg2+ 40. Nxg2 Qxd6 41. exd6 B@c4+ 42. B@d3 Bxd3+ 43. cxd3 P@e2+ 44. Kxe2 B@f3+ 
45. Kxd2 B@b4+ 46. P@c3 Q@e2+ 47. Kc1 
{BarryWhite forfeits on time} 1-0

[Event "fics rated crazyhouse match"]
[Site "fics, Oklahoma City, OK USA"]
[Date "2000.12.27"]
[White "BarryWhite"]
[WhiteElo "2360"]
[Black "tantheman"]
[BlackElo "2360"]
[TimeControl "120+0"]
[Result "1-0"]

1. e4 e6 2. Nc3 b6 3. d4 Bb7 4. Bd3 Nf6 5. Qe2 Bb4 6. Bd2 
Bxc3 7. bxc3 d5 8. e5 Ne4 9. Nh3 Nxd2 10. Qxd2 B@e4 11. f3 Bxd3 
12. cxd3 Nc6 13. O-O Rg8 14. B@g5 B@e7 15. Bxe7 Qxe7 16. B@g5 f6 17. exf6 
gxf6 18. Bxf6 Qxf6 19. P@g5 Qf7 20. N@f6+ Qxf6 21. gxf6 O-O-O 22. B@b5 B@a6 
23. Bxc6 Bxc6 24. N@e7+ Kb7 25. Nxc6 Kxc6 26. a4 P@b5 27. axb5+ Bxb5 28. Rxa7 
B@b7 29. P@a4 Bxa4 30. Rxa4 B@b5 31. Rb4 P@a6 32. B@g3 P@d6 33. c4 dxc4 
34. dxc4 N@f5 35. d5+ Kd7 36. cxb5 Bxd5 37. P@c6+ Ke8 38. B@g4 Nxg3 39. Q@e7# 
{tantheman checkmated} 1-0

[Event "fics rated crazyhouse match"]
[Site "fics, Oklahoma City, OK USA"]
[Date "2000.12.27"]
[White "tantheman"]
[WhiteElo "2352"]
[Black "BarryWhite"]
[BlackElo "2368"]
[TimeControl "120+0"]
[Result "1-0"]

1. e4 e6 2. Nc3 d5 3. exd5 exd5 4. Bb5+ Nc6 5. Qe2+ P@e6 6. Nf3 
Bd7 7. Bxc6 Bxc6 8. d4 Bd6 9. N@h5 Bf8 10. Bg5 B@e7 11. Bxe7 Qxe7 
12. B@c5 B@d6 13. Bxd6 cxd6 14. P@e5 B@c7 15. exd6 Bxd6 16. P@e5 P@c7 17. exd6 
cxd6 18. B@e5 dxe5 19. dxe5 P@c7 20. P@d6 cxd6 21. exd6 Qxd6 22. B@e5 Qd7 
23. Bxg7 Bxg7 24. Nxg7+ Kd8 25. B@e5 P@d6 26. Bxd6 Qxd6 27. Ne5 Qe7 28. P@d6 
Qf8 29. P@e7+ Nxe7 30. dxe7+ Qxe7 31. P@d6 Qf6 32. Nxc6# 
{BarryWhite forfeits on time} 1-0

[Event "fics rated crazyhouse match"]
[Site "fics, Oklahoma City, OK USA"]
[Date "2000.12.27"]
[White "BarryWhite"]
[WhiteElo "2360"]
[Black "tantheman"]
[BlackElo "2360"]
[TimeControl "120+0"]
[Result "1-0"]

1. e4 e5 2. Nc3 Nc6 3. Nf3 Bc5 4. Bc4 d6 5. O-O Nf6 6. d3 
Be6 7. Bg5 Bxc4 8. dxc4 O-O 9. Bxf6 Qxf6 10. Nd5 Qh6 11. B@g5 Qh5 
12. N@f6+ Kh8 13. Nxh5 Rg8 14. Ndf6 B@g6 15. Nxg7 Rxg7 16. P@h6 Rag8 17. Nxg8 
Rxg8 18. Bf6+ N@g7 19. hxg7+ Rxg7 20. Q@f8# 
{tantheman resigns} 1-0

[Event "fics rated crazyhouse match"]
[Site "fics, Oklahoma City, OK USA"]
[Date "2000.12.27"]
[White "tantheman"]
[WhiteElo "2352"]
[Black "BarryWhite"]
[BlackElo "2368"]
[TimeControl "120+0"]
[Result "1-0"]

1. e4 e6 2. Nc3 d5 3. exd5 exd5 4. Bb5+ Nc6 5. Qe2+ P@e6 6. Nf3 
Be7 7. d4 Nf6 8. Ne5 Bd7 9. Bxc6 bxc6 10. Nxf7 Kxf7 11. N@e5+ Kf8 
12. P@h6 gxh6 13. Bxh6+ P@g7 14. Bxg7+ Kxg7 15. P@g5 Ng8 16. P@h6+ Nxh6 17. gxh6+ 
Kxh6 18. N@f7+ Kg7 19. Nxd8 Rhxd8 20. Q@f7# 
{BarryWhite resigns} 1-0

[Event "fics rated crazyhouse match"]
[Site "fics, Oklahoma City, OK USA"]
[Date "2000.12.27"]
[White "BarryWhite"]
[WhiteElo "2360"]
[Black "tantheman"]
[BlackElo "2360"]
[TimeControl "120+0"]
[Result "0-1"]

1. e4 b6 2. Nc3 Bb7 3. d4 e6 4. Bd3 Bb4 5. Bd2 Bxc3 6. bxc3 
Nf6 7. Qe2 d5 8. e5 Ne4 9. Nf3 Nxd2 10. Qxd2 N@e4 11. Bxe4 dxe4 
12. Ng5 e3 13. Qxe3 Bxg2 14. Nxf7 Kxf7 15. B@h5+ P@g6 16. N@g5+ Qxg5 17. Qxg5 
B@e7 18. P@f6 N@f3+ 19. Bxf3 Bxf3 20. N@h6+ Ke8 21. Q@f7+ Kd8 22. Qxe7+ Kc8 
23. fxg7 B@d2+ 24. Qxd2 N@g2+ 25. Kf1 B@e2+ 26. Kg1 Rd8 27. Qxd8+ Kxd8 28. g8=Q+ 
Kd7 29. Qg5 Kc6 30. B@e8+ Kb7 
{BarryWhite forfeits on time} 0-1

[Event "fics rated crazyhouse match"]
[Site "fics, Oklahoma City, OK USA"]
[Date "2000.12.27"]
[White "tantheman"]
[WhiteElo "2368"]
[Black "BarryWhite"]
[BlackElo "2352"]
[TimeControl "120+0"]
[Result "1-0"]

1. e4 e6 2. Nc3 d5 3. exd5 exd5 4. Bb5+ Nc6 5. Qe2+ Ne7 6. P@h6 
Be6 7. d4 P@e4 8. hxg7 Bxg7 9. P@e5 a6 10. Bxa6 bxa6 11. P@f6 Bxf6 
12. exf6 Nf5 13. B@g7 Rg8 14. f3 Ncxd4 15. Qf2 P@e3 16. Bxe3 Nxe3 17. Qxe3 
Nxc2+ 18. Kf2 Nxe3 19. P@e7 Qd6 20. Bh6 B@b6 21. N@g7+ Kd7 22. Nxe6 Ng4+ 
23. Ke1 P@f2+ 24. Kd2 Q@d3+ 25. Kc1 P@d2+ 26. Bxd2 f1=Q+ 27. B@e1 Qxe1+ 28. Bxe1 
Be3+ 29. P@d2 Bxd2+ 30. Bxd2 fxe6 31. f7 Qxd2+ 32. Kxd2 N@c4+ 33. Ke2 B@d3+ 
34. Kd1 B@c2+ 35. Ke1 
{BarryWhite forfeits on time} 1-0

[Event "fics rated crazyhouse match"]
[Site "fics, Oklahoma City, OK USA"]
[Date "2000.12.27"]
[White "BarryWhite"]
[WhiteElo "2344"]
[Black "tantheman"]
[BlackElo "2376"]
[TimeControl "120+0"]
[Result "1-0"]

1. e4 e6 2. Nc3 b6 3. d4 Bb7 4. Bd3 Nf6 5. Qe2 Bb4 6. Bd2 
Bxc3 7. bxc3 d5 8. e5 Ne4 9. Nf3 Nxd2 10. Qxd2 N@e4 11. Bxe4 dxe4 
12. Ng5 e3 13. Qxe3 Bxg2 14. Nxf7 Qh4 15. Nxh8 Bxh1 16. P@f7+ Ke7 17. R@e8+ 
Kd7 18. f8=Q R@g1+ 19. Kd2 B@g5 20. B@b5+ P@c6 21. N@f6+ gxf6 22. Qe7# 
{tantheman checkmated} 1-0

[Event "fics rated crazyhouse match"]
[Site "fics, Oklahoma City, OK USA"]
[Date "2000.12.27"]
[White "tantheman"]
[WhiteElo "2367"]
[Black "BarryWhite"]
[BlackElo "2353"]
[TimeControl "120+0"]
[Result "1-0"]

1. e4 e6 2. Nc3 d5 3. exd5 exd5 4. Bb5+ Nc6 5. Qe2+ Be6 6. P@f5 
Qe7 7. fxe6 fxe6 8. Nxd5 exd5 9. Bxc6+ bxc6 10. Qxe7+ Bxe7 11. Nf3 N@f4 
12. P@f7+ Kxf7 13. Ne5+ Ke6 14. Q@d7+ Kxe5 15. d4+ Kxd4 16. B@c3+ Kc5 17. Be3+ 
Kc4 18. Qxc6+ P@c5 19. N@d2# 
{BarryWhite checkmated} 1-0

[Event "fics rated crazyhouse match"]
[Site "fics, Oklahoma City, OK USA"]
[Date "2000.12.27"]
[White "BarryWhite"]
[WhiteElo "2345"]
[Black "tantheman"]
[BlackElo "2375"]
[TimeControl "120+0"]
[Result "1-0"]

1. e4 e6 2. Nc3 b6 3. Nf3 Bb7 4. d4 Nf6 5. Bd3 Bb4 6. Ng5 
d5 7. e5 Ne4 8. Bxe4 dxe4 9. O-O Bxc3 10. bxc3 B@f3 11. gxf3 Qxg5+ 
12. Bxg5 N@h3+ 13. Kg2 Nxg5 14. fxe4 Bxe4+ 15. Kg3 N@f5+ 16. Kf4 B@h6 17. Q@c8+ 
Ke7 18. P@f6+ gxf6 19. exf6+ Kd6 20. B@e5+ Kc6 21. Qxc7+ Kb5 22. a4+ Ka5 
23. P@b4+ Ka6 24. B@b5# 
{tantheman checkmated} 1-0

[Event "fics rated crazyhouse match"]
[Site "fics, Oklahoma City, OK USA"]
[Date "2000.12.27"]
[White "tantheman"]
[WhiteElo "2366"]
[Black "BarryWhite"]
[BlackElo "2354"]
[TimeControl "120+0"]
[Result "1-0"]

1. e4 e6 2. Nc3 d5 3. exd5 exd5 4. Bb5+ Nc6 5. Qe2+ Be6 6. P@f5 
Qe7 7. fxe6 fxe6 8. Nf3 P@e4 9. Ne5 P@d7 10. Bxc6 bxc6 11. B@f7+ Kd8 
12. N@b7+ Kc8 13. Qa6 Kb8 14. Nc5 B@c8 15. Nexd7+ Bxd7 16. Qb7# 
{BarryWhite checkmated} 1-0

[Event "fics rated crazyhouse match"]
[Site "fics, Oklahoma City, OK USA"]
[Date "2000.12.27"]
[White "BarryWhite"]
[WhiteElo "2346"]
[Black "tantheman"]
[BlackElo "2374"]
[TimeControl "120+0"]
[Result "0-1"]

1. e4 e6 2. d4 b6 3. Bd3 Bb7 4. Qe2 Nf6 5. Nf3 d5 6. e5 
Ne4 7. O-O Be7 8. Be3 f5 9. exf6 Bxf6 10. P@e5 Be7 11. Ne1 O-O 
12. f3 Ng5 13. Nd2 c5 14. Bxg5 Bxg5 15. dxc5 B@e3+ 16. Kh1 Bxd2 17. cxb6 
Qxb6 18. P@f6 gxf6 19. exf6 Rxf6 20. N@g4 Rh6 21. Nxh6+ Bxh6 22. P@g6 hxg6 
23. Bxg6 N@f6 24. P@f7+ Kg7 25. P@f5 P@f2 26. Rxf2 P@e3 27. Rf1 Ba6 28. Nd3 
Bxd3 29. cxd3 N@f2+ 30. Rxf2 exf2 31. N@h3 R@g1# 
{BarryWhite forfeits on time} 0-1

[Event "fics rated crazyhouse match"]
[Site "fics, Oklahoma City, OK USA"]
[Date "2000.12.27"]
[White "tantheman"]
[WhiteElo "2381"]
[Black "BarryWhite"]
[BlackElo "2339"]
[TimeControl "120+0"]
[Result "0-1"]

1. e4 e6 2. Nc3 d5 3. exd5 exd5 4. Bb5+ Nc6 5. Qe2+ P@e6 6. Nf3 
Be7 7. Ne5 Bd7 8. Bxc6 bxc6 9. d4 Nf6 10. Nxf7 Kxf7 11. N@e5+ Ke8 
12. P@h6 gxh6 13. P@g7 Rg8 14. Nxd5 P@f7 15. Nxf6+ Bxf6 16. Bxh6 N@h4 17. Rg1 
N@f5 18. P@g6 Nxg6 19. Nxg6 fxg6 20. P@f7+ Kxf7 21. N@e5+ Bxe5 22. dxe5 B@h4 
23. N@h8+ Rxh8 24. gxh8=N+ Qxh8 25. B@f6 N@d4 26. R@e7+ Nxe7 27. Bxh8 N@f5 28. Qd2 
N@f3+ 29. gxf3 Nxf3+ 30. Kd1 Nxg1 31. Kc1 R@f1+ 32. N@d1 P@e2 33. Q@e1 exd1=Q# 
{tantheman forfeits on time} 0-1

[Event "fics rated crazyhouse match"]
[Site "fics, Oklahoma City, OK USA"]
[Date "2000.12.27"]
[White "BarryWhite"]
[WhiteElo "2348"]
[Black "tantheman"]
[BlackElo "2372"]
[TimeControl "120+0"]
[Result "0-1"]

1. e4 e6 2. Nc3 Nc6 3. d4 Nf6 4. Nf3 Bb4 5. Bd3 d5 6. exd5 
Nxd5 7. Bd2 P@a3 8. Nxd5 Bxd2+ 9. Qxd2 axb2 10. Rd1 exd5 11. Qe3+ P@e4 
12. N@h5 N@e6 13. Bxe4 dxe4 14. Qxe4 B@g6 15. Nxg7+ Kf8 16. Nf5 Bxf5 17. Qxf5 
B@c3+ 18. P@d2 Ncxd4 19. B@h6+ P@g7 20. Nxd4 Bxd4 21. B@a3+ c5 22. Be3 N@d6 
23. Qf3 Bxe3 24. fxe3 B@e4 25. Qg3 Bxc2 26. O-O N@e2+ 27. Kh1 Nxg3+ 28. hxg3 
Bxd1 29. P@h6 P@e2 30. hxg7+ Nxg7 31. Rg1 P@f2 32. B@h2 fxg1=Q+ 33. Bxg1 R@f1 
34. N@h3 Rxg1+ 35. Nxg1 R@f1 36. P@e7+ Qxe7 37. N@h3 Rxg1+ 38. Kxg1 Q@f1+ 39. Kh2 
N@f2 40. R@g8+ Rxg8 41. R@d8+ Qxd8 42. P@e7+ Kxe7 43. Ng1 Kd7 44. g4 Kc7 
45. Kg3 Kb6 
{BarryWhite forfeits on time} 0-1